 Dungeon Crawl Stone Soup version 0.28.0-53-g5a82cb258f (webtiles) character file.

Game seed: 17356935137674886335

7200 Sin92 the Magician (level 10, -26/76 HPs)
             Began as a Demonspawn Ice Elementalist on July 12, 2022.
             Was a Follower of Sif Muna.
             Annihilated by an orc warlord
             ... wielding a +0 great mace
              (29 damage)
             ... in a bailey.
             The game lasted 00:37:59 (12711 turns).

Sin92 the Magician (Demonspawn Ice Elementalist)   Turns: 12711, Time: 00:38:00

Health: -26/76     AC:  5    Str: 10    XL:     10   Next: 87%
Magic:  0/30       EV: 19    Int: 18    God:    Sif Muna [*.....]
Gold:   373        SH:  0    Dex: 19    Spells: 13/24 levels left

rFire   . . .      SeeInvis .   b - +2 spear
rCold   . . .      Faith    .   (no shield)
rNeg    . . .      Spirit   +   d - +0 leather armour
rPois   +          Reflect  .   m - +1 hat
rElec   .          Harm     .   f - +0 cloak
rCorr   .          Rampage  .   (no gloves)
Will    .....                   (no boots)
Stlth   +++.......              e - amulet of guardian spirit
HPRegen 0.22/turn               j - ring "Ficeir" {Fly rPois Dex+4}
MPRegen 0.22/turn               c - ring of magical power

@: mighty, agile, freezing walls, flying
A: claws 2, hooves 1, horns 1, demonic guardian 1, powered by pain 1
a: Renounce Religion, Channel Magic


You were in a bailey.
You worshipped Sif Muna.
Sif Muna was aware of your devotion.
You visited 2 branches of the dungeon, and saw 9 of its levels.
You also visited: Ossuary and Bailey.

You collected 373 gold pieces.

Inventory:

Hand Weapons
 b - a +2 spear (weapon)
Armour
 a - a +0 robe
 d - a +0 leather armour (worn)
 f - a +0 cloak (worn)
 m - a +1 hat (worn)
 y - a +0 pair of boots
Jewellery
 c - a ring of magical power (right claw)
 e - an amulet of guardian spirit (around neck)
 g - an amulet of the acrobat
 j - the ring "Ficeir" (left claw) {Fly rPois Dex+4}
   (You acquired it on level 2 of the Dungeon)

   [ring of flight]

   Dex:       It affects your dexterity (+4).
   rPois:     It protects you from poison.
   Fly:       It grants you flight.
 q - a ring of protection from fire
Wands
 o - a wand of digging (7)
 z - a wand of flame (18)
 B - a wand of paralysis (11)
Scrolls
 n - a scroll of magic mapping
 x - a scroll of teleportation
Potions
 h - 2 potions of cancellation
 i - 2 potions of degeneration
 k - 3 potions of brilliance
 l - 2 potions of resistance
 p - a potion of haste
 r - a potion of curing
 u - a potion of might
 v - a potion of attraction {unknown}
 w - a potion of invisibility {unknown}
 A - 5 potions of mutation {unknown}


   Skills:
 + Level 5.7 Fighting
 * Level 7.6 Polearms
 + Level 5.2 Armour
 + Level 5.6 Dodging
 + Level 4.7 Stealth
 * Level 7.7 Spellcasting
 + Level 4.7 Conjurations
 + Level 6.5 Ice Magic


You had 13 spell levels left.
You knew the following spells:

 Your Spells              Type           Power      Damage    Failure   Level
a - Freeze                Ice            100%       1d11      1%          1
b - Frozen Ramparts       Ice            60%        1d8       2%          3
c - Ozocubu's Armour      Ice            30%        N/A       2%          3
d - Hailstorm             Conj/Ice       27%        3d7       13%         4

Your spell library contained the following spells:

 Spells                   Type           Power      Damage    Failure   Level
 Animate Skeleton         Necr           12%        N/A       13%         1
 Apportation              Tloc           12%        N/A       13%         1
 Summon Small Mammal      Summ           24%        N/A       13%         1
 Ice Form                 Ice/Tmut       18%        N/A       34%         4
 Summon Ice Beast         Ice/Summ       18%        N/A       34%         4


Dungeon Overview and Level Annotations

Branches:
Dungeon (8/15)             Temple (1/1) D:7         Ossuary (visited)
 Bailey (1/1)
   Lair: D:8-11

Altars:
Dithmenos
Elyvilon
Fedhas
Gozag
Nemelex Xobeh
Okawaru
Qazlal
Sif Muna
Trog
Uskayaw
Xom
Yredelemnul
Zin
The Shining One

Shops:
D:3 (


Innate Abilities, Weirdness & Mutations

You have very sharp fingernails.
You have large cloven feet.
You have a pair of small horns on your head.
A weak demonic guardian rushes to your aid.
You sometimes gain a little power by taking damage.


Message History

Aim: an orc warlord, wielding a +0 great mace and wearing a +0 plate armour (moderately wounded, ally target, about 22% to evade your +2 spear)
You reach to attack!
You hit the orc warlord but do no damage.
The orc warlord is moderately wounded.
The wall freezes the orc warlord!
The orc warlord hits your orange demon with a +0 great mace!!
Your orange demon dies!
Your orange demon disappears in a puff of smoke!
Unknown command.
Reach: b) +2 spear
Press: ? - help, Dir - move target, f/p - orc warlord
Aim: an orc warlord, wielding a +0 great mace and wearing a +0 plate armour (moderately wounded, ally target, about 22% to evade your +2 spear)
You reach to attack!
You hit the orc warlord.
The orc warlord is moderately wounded.
Unknown command.
Reach: b) +2 spear
Press: ? - help, Dir - move target, f/p - orc warlord
Aim: an orc warlord, wielding a +0 great mace and wearing a +0 plate armour (moderately wounded, ally target, about 22% to evade your +2 spear)
You reach to attack!
You hit the orc warlord.
The orc warlord is moderately wounded.
The wall freezes the orc warlord.
You feel much better.
The wall freezes the orc warlord.
The orc warlord hits you with a +0 great mace!!
* * * LOW HITPOINT WARNING * * *
You focus on the pain.
You feel agile all of a sudden.
You hit the orc warlord. Your headbutt misses the orc warlord.
The orc warlord is heavily wounded.
The wall freezes the orc warlord!
The orc warlord hits you with a +0 great mace!
* * * LOW HITPOINT WARNING * * *
Unknown command.
Okay, then.
Okay, then.
Okay, then.
You puncture the orc warlord! You headbutt the orc warlord.
The orc warlord is severely wounded.
The wall freezes the orc warlord.
The orc warlord hits you with a +0 great mace!!
You die...

##.......## #.........#
##.........##
#######.)...⌠.....#
##.....##)...)....##.
#.......))).......'.......#
##......)##)......##.......##
#.........#...5...#.........#
##.........##88@88##.........##
#.....⌠.....###o###.....⌠.....#
##.........###)))###.........#
#.........#..)....#.........#
##.......##.......##....)..#
#.......#.........#....)..#
##.))..##.........##..)))##
##)####...........####'##
##..)..##.........##.....##


You could see an orc warlord (ally target) and a friendly quasit (summoned).

Vanquished Creatures
  A two-headed ogre (D:8)
  2 orc knights (Bailey)
  3 centaur zombies
  A kobold demonologist (D:6)
  A steam dragon (D:7)
  A sky beast (D:6)
  13 orc warriors
  4 black bears
  A centaur (D:5)
  2 scorpions
  A wyvern zombie (D:6)
  2 water moccasin zombies
  A wyvern skeleton (D:6)
  9 wights
  3 howler monkeys
  A bullfrog zombie (D:7)
  A gnoll shaman (D:4)
  4 hounds
  3 orc priests
  4 iguanas
  A jelly (D:6)
  2 bullfrog skeletons
  Jessica (D:2)
  4 orc wizards
  A killer bee zombie (D:7)
  A hound skeleton (D:5)
  14 mummies (Ossuary)
  Robin (D:3)
  A howler monkey skeleton (D:6)
  7 gnolls
  10 adders
  2 shadow imps
  2 white imps
  2 ufetubi
  An adder skeleton (D:4)
  An adder zombie (D:5)
  A worm (D:3)
  4 dart slugs
  46 orcs
  3 endoplasms
  5 giant cockroaches
  28 goblins
  19 hobgoblins
  8 jackals
  A quokka (D:2)
  6 ball pythons
  6 bats
  3 frilled lizards
  3 gnoll skeletons (Ossuary)
  3 goblin skeletons (Ossuary)
  2 kobolds
  2 orc skeletons (Ossuary)
  6 rats
  11 rat skeletons (Ossuary)
266 creatures vanquished.

Vanquished Creatures (collateral kills)
  A water moccasin (D:7)
  An ice beast (D:7)
  An adder (D:3)
  2 dart slugs (D:2)
  An orc (D:5)
  A goblin (D:2)
7 creatures vanquished.

Vanquished Creatures (others)
  2 fungi (D:2)
  5 plants (D:2)
7 creatures vanquished.

Grand Total: 280 creatures vanquished

Notes
Turn   | Place    | Note
-------+----------+-------------------------------------------
     0 | D:1      | Sin92 the Demonspawn Ice Elementalist began the quest for
                  | the Orb.
     0 | D:1      | Reached XP level 1. HP: 13/13 MP: 3/3
   365 | D:1      | Gained mutation: You sometimes gain a little power by
                  | taking damage. [demonic ancestry]
   365 | D:1      | Reached XP level 2. HP: 15/19 MP: 1/5
   836 | D:1      | Reached skill level 1 in Polearms
  1341 | D:2      | Gained mutation: A weak demonic guardian rushes to your
                  | aid. [demonic ancestry]
  1341 | D:2      | Reached XP level 3. HP: 19/25 MP: 1/6
  1657 | D:2      | Found a faded altar of an unknown god.
  1842 | D:2      | Noticed Jessica
  1969 | D:2      | Killed Jessica
  1970 | D:2      | Reached skill level 1 in Armour
  1970 | D:2      | Discovered your monstrous ancestry.
  1970 | D:2      | Gained mutation: You have a pair of small horns on your
                  | head. [demonic ancestry]
  1970 | D:2      | Reached XP level 4. HP: 7/31 MP: 4/7
  2578 | D:2      | Reached skill level 1 in Fighting
  2835 | D:2      | Identified a scroll of acquirement
  2835 | D:2      | Acquired the ring "Ficeir" {Fly rPois Dex+4}
  2848 | D:3      | Found Jymoe's Antique Weapon Shop.
  3552 | D:3      | Noticed Robin
  3575 | D:2      | HP: 1/32 [orc/+0 hand axe (2)]
  4061 | D:3      | Killed Robin
  4062 | D:3      | Gained mutation: You have large cloven feet. [demonic
                  | ancestry]
  4062 | D:3      | Reached XP level 5. HP: 37/37 MP: 8/8
  4598 | D:4      | Learned a level 3 spell: Frozen Ramparts
  4602 | D:4      | Learned a level 3 spell: Ozocubu's Armour
  4925 | D:4      | Reached XP level 6. HP: 35/44 MP: 10/10
  6420 | D:4      | Reached XP level 7. HP: 48/50 MP: 12/12
  6504 | D:5      | Entered Level 5 of the Dungeon
  6737 | D:5      | Found a sand-covered staircase.
  6749 | Ossuary  | Entered an ossuary
  7668 | D:5      | Learned a level 4 spell: Hailstorm
  7772 | D:5      | Reached skill level 5 in Ice Magic
  7772 | D:5      | Reached XP level 8. HP: 57/61 MP: 17/17
  7874 | D:5      | Gained mutation: You have sharp fingernails. [demonic
                  | ancestry]
  7874 | D:5      | Reached XP level 9. HP: 67/67 MP: 18/18
  8638 | D:6      | Reached skill level 5 in Fighting
  8638 | D:6      | Reached skill level 5 in Dodging
  9521 | D:7      | Noticed a kobold demonologist
  9532 | D:6      | Killed a kobold demonologist
  9635 | D:7      | Found a staircase to the Ecumenical Temple.
 10380 | D:7      | Gained mutation: You have very sharp fingernails. [demonic
                  | ancestry]
 10380 | D:7      | Reached XP level 10. HP: 42/74 MP: 19/20
 11333 | Temple   | Entered the Ecumenical Temple
 11432 | Temple   | Became a worshipper of Sif Muna the Loreminder
 11655 | D:8      | Noticed a two-headed ogre
 11671 | D:8      | Killed a two-headed ogre
 11672 | D:8      | Reached skill level 5 in Armour
 11755 | D:8      | Found a flagged portal.
 11773 | Bailey   | Entered a bailey
 11943 | Bailey   | Reached * piety under Sif Muna
 12294 | Bailey   | Noticed an orc knight
 12313 | Bailey   | Killed an orc knight
 12642 | Bailey   | Identified the +4 kite shield "Matifol" {rC+ Str-4 Int+5
                  | Dex+4}
 12642 | Bailey   | Noticed an orc knight
 12660 | Bailey   | Killed an orc knight
 12692 | Bailey   | Noticed an orc warlord
 12710 | Bailey   | HP: 3/76 [orc warlord/+0 great mace (9)]
 12711 | Bailey   | Annihilated by an orc warlord

Illustrated notes

Levels and vault maps discovered:
D:1:      elethiomel_arrival_shortcut, layout_basic
D:2:      layout_loops_cross, dreamdust_ecumenical_altar_grove, minmay_cupped,
          uniq_jessica
D:3:      layout_loops_cross, serial_shops, nicolae_shop_waterfront,
          st_stairs_8, uniq_robin
D:4:      layout_cave_pools
D:5:      layout_basic, nicolae_ossuary_entry_monument, minmay_crystal_room
D:6:      layout_loops_ring, mainiacjoe_overflow_small_starburst
D:7:      layout_cave_pods, minmay_temple_entry_crystal_x,
          chequers_serial_rivers_large_a, grunt_ministairs_1
D:8:      minmay_recursive_quarters, layout_rooms, enter_bailey_2, uniq_joseph,
          uniq_erica, uniq_harold, uniq_pikel
Temple:   mainiacjoe_temple_archimedes_tessellation
Bailey:   bailey_axe_minmay_hex_keep, bailey

Skill      XL: |  1  2  3  4  5  6  7  8  9 10 |
---------------+-------------------------------+-----
Dodging        | 2 4 5 |  5.6
Polearms       | 1 2 6 7 |  7.6
Stealth        | 2 3 4 |  4.7
Armour         | 1 4 5 |  5.2
Fighting       | 1 2 4 5 |  5.7
Ice Magic      | 4 5 6 |  6.5
Spellcasting   | 3 6 7 |  7.7
Conjurations   | 3 4 |  4.7

Action                   |  1- 3 |  4- 6 |  7- 9 | 10-12 || total
-------------------------+-------+-------+-------+-------++-------
Melee: Spear             |   114 |   271 |   494 |   194 ||  1073
       Headbutt          |       |    50 |    97 |    48 ||   195
       Kick              |       |    54 |   179 |    69 ||   302
       Punch             |       |     3 |     4 |     4 ||    11
 Cast: Freeze            |    27 |    15 |       |       ||    42
       Ozocubu's Armour  |       |     4 |     3 |     7 ||    14
       Frozen Ramparts   |       |     2 |     7 |    17 ||    26
       Hailstorm         |       |       |     1 |     1 ||     2
  Use: Scroll            |     2 |     9 |     8 |     1 ||    20
       Potion            |       |     2 |     1 |     2 ||     5
 Stab: Sleeping          |     3 |     4 |    15 |       ||    22
       Distracted        |     1 |     2 |       |       ||     3
Armor: Leather armour    |    43 |    70 |    68 |    26 ||   207
Dodge: Dodged            |    78 |   158 |   196 |    87 ||   519
